 Dungeon Crawl Stone Soup version 0.22-a0-611-g46e8f3c735 (webtiles) character file.

33 RedPan the Sneak (level 3, 0/21 HPs)
             Began as an Octopode Wizard on July 11, 2018.
             Slain by Terence
             ... wielding a +0 falchion
              (5 damage)
             ... on level 2 of the Dungeon.
             The game lasted 00:03:06 (1178 turns).

RedPan the Sneak (Octopode Wizard)                  Turns: 1178, Time: 00:03:07

Health: 0/21       AC:  1    Str:  6    XL:     3   Next: 29%
Magic:  0/7        EV: 13    Int: 20    God:
Gold:   15         SH:  0    Dex: 11    Spells: 3/8 levels left

rFire    . . .     SeeInvis .   e - +0 short sword
rCold    . . .     Gourm    .   (no shield)
rNeg     . . .     Faith    .   a - +0 hat
rPois    .         Spirit   .   (no amulet)
rElec    .         Reflect  .   (no ring)
rCorr    .         Harm     .   (no ring)
MR       .....                  (no ring)
Stlth    +++.......             (no ring)
HPRegen  0.07/turn              (no ring)
MPRegen  0.10/turn              (no ring)
                                (no ring)
                                (no ring)

@: very slightly contaminated
A: almost no armour, stealthy swim, amphibious, 8 rings, constrict 8, camouflage
1, gelatinous body 1
a: no special abilities


You were on level 2 of the Dungeon.
You were hungry.

You visited 1 branch of the dungeon, and saw 2 of its levels.

You collected 15 gold pieces.

Inventory:

Hand Weapons
 e - a +0 short sword (weapon)
Armour
 a - a +0 hat (worn)
Scrolls
 b - 2 scrolls of identify {unknown}
 d - a scroll of noise {unknown}
 i - a scroll of immolation {unknown}
Potions
 g - a potion of might
Comestibles
 c - 2 rations


   Skills:
 + Level 2.3 Dodging
 + Level 3.3 Stealth
 + Level 3.2 Spellcasting
 * Level 2.1 Conjurations
 - Level 1.0 Summonings
 - Level 1.0 Translocations


You had 3 spell levels left.
You knew the following spells:

 Your Spells              Type           Power        Failure   Level  Hunger
a - Magic Dart            Conj           ##..         6%          1    None
b - Blink                 Tloc           N/A          14%         2    ##.....
c - Call Imp              Summ           #.......     14%         2    ##.....

Your spell library contained the following spells:

 Spells                   Type           Power        Failure   Level  Hunger
 Conjure Flame            Conj/Fire      #.......     26%         3    ###....
 Slow                     Hex            #.......     22%         2    ##.....
 Mephitic Cloud           Conj/Pois/Air  #.......     30%         3    ###....


Dungeon Overview and Level Annotations

Branches:
Dungeon (2/15)

Altars:

Annotations:
D:2 Terence


Innate Abilities, Weirdness & Mutations

You cannot wear most types of armour.
You are very stealthy in the water. (Stealth+)
You are amphibious.
You can wear up to eight rings at the same time.
You can use your tentacles to constrict eight enemies at once.
Your skin changes colour to match your surroundings (Stealth+).
Your rubbery body absorbs attacks. (AC +1, EV +1)


Message History

You constrict Terence. Terence barely misses you.
Casting: Magic Dart (safe; 6% risk of failure)
Confirm with . or Enter, or press ? or * to list all spells.
Aiming: Magic Dart (safe; 6% risk of failure)
Press: ? - help, Shift-Dir - straight line, f/p - Terence
Aim: Terence, wielding a falchion and wearing a scale mail (almost dead, constricted by you)
The magic dart hits Terence.
Terence is almost dead.
You constrict Terence, but do no damage.
Terence barely misses you.
Casting: Magic Dart (safe; 6% risk of failure)
Confirm with . or Enter, or press ? or * to list all spells.
Aiming: Magic Dart (safe; 6% risk of failure)
Press: ? - help, Shift-Dir - straight line, f/p - Terence
Aim: Terence, wielding a falchion and wearing a scale mail (almost dead, constricted by you)
The magic dart hits Terence.
Terence is almost dead.
You constrict Terence, but do no damage.
Terence hits you with a falchion.
You die...

#.(...#.#......#.......##.
#.....#.#........#........
##......#...†..#.#.......)
#.###.###......#.#......>.
.# ##†##......#..........
#.##[.....###........
##.######### #.......#
#.###.####### #.......#
#....†.@@..# ##.
##.#.#####.# #.g.. # ###.#
#.# #@# #.. ##


You could see Terence.

Vanquished Creatures
  An adder (D:2)
  2 leopard geckos (D:1)
  2 ball pythons
  4 bats
  2 giant cockroaches (D:1)
  A goblin (D:1)
  3 kobolds (D:1)
  2 frilled lizards (D:1)
  4 rats (D:1)
21 creatures vanquished.

Vanquished Creatures (collateral kills)
  A hobgoblin (D:2)
1 creature vanquished.

Grand Total: 22 creatures vanquished

Notes
Turn   | Place    | Note
-------+----------+-------------------------------------------
     0 | D:1      | RedPan the Octopode Wizard began the quest for the Orb.
     0 | D:1      | Reached XP level 1. HP: 11/11 MP: 4/4
   280 | D:1      | Reached XP level 2. HP: 17/17 MP: 1/6
  1038 | D:2      | Learned a level 2 spell: Blink
  1041 | D:2      | Learned a level 2 spell: Call Imp
  1118 | D:2      | Reached XP level 3. HP: 4/21 MP: 3/7
  1151 | D:2      | Noticed Terence
  1178 | D:2      | Slain by Terence

Vault maps used:
D:1:      dpeg_arrival_snail
D:2:      grunt_dithmenos_smoke_and_mirrors, grunt_qazlal_sundering,
          uniq_terence

Skill      XL: |  1  2 |
---------------+-------+-----
Stealth        | 3 |  3.3
Conjurations   | 2 |  2.1
Dodging        | |  2.3
Spellcasting   | |  3.2
Summonings     | |  1.0
Translocations | |  1.0

Action                   || total
-------------------------++-------
Melee: Short sword       ||    15
       Constrict         ||     2
 Cast: Magic Dart        ||    47
       Call Imp          ||     1
  Use: Potion            ||     4
 Stab: Sleeping          ||     1
Armor: Skin              ||     2
Dodge: Dodged            ||    18

Table legend:
 A = Spawn XP
 B = Non-spawn XP
 C = Spawn XP percentage of total XP
 D = Spawn monster count
 E = Non-spawn monster count
 F = Spawn count percentage of total count
 G = Total turns spent on level
                    A         B        C        D         E        F      G
               +---------+---------+-------+---------+---------+-------+---------
         Total |       0 |      48 |   0.0 |       0 |      22 |   0.0 |  1178
               +---------+---------+-------+---------+---------+-------+---------
           D:1 |       0 |      31 |   0.0 |       0 |      18 |   0.0 |  1034
           D:2 |       0 |      17 |   0.0 |       0 |       4 |   0.0 |   144
               +---------+---------+-------+---------+---------+-------+---------
